AoeStats
← luludul

Arabia

510304099Analyzed
2v2 RM · 2d ago on Sep 30, 2026· 42m 52s· 4 players
Game mode
Random Map
Map size
Medium (4 player)
Population
200
Speed
Normal
Resources
Standard
Victory
Conquest
Starting age
Dark Age
Ending age
Imperial Age
RankedLock teamsTeams togetherTeam positionsShared explorationLock speedFull tech treeHidden civsTurbo modeCheats
Victory
Defeat
🇫🇷 Britons · France
1141
+15
🇹🇷 Varangians · Türkiye
1139
+15
🇰🇷 Cumans · South Korea
1142
-15
🇩🇪 Portuguese · Germany
1113
-15
FDTD
7:36 Loom
9:40 Feudal Age
10:31 Double-Bit Axe
14:56 Fletching
18:28 Wheelbarrow
17:55 Padded Archer Armor
18:04 Horse Collar
23:24 Castle Age
23:14 Gold Mining
23:29 Crossbowman
24:09 Bodkin Arrow
24:31 Thumb Ring
26:01 Light Cavalry
27:33 Scale Barding Armor
27:58 Bloodlines
30:02 Leather Archer Armor
31:30 Husbandry
32:34 Heavy Plow
32:47 Bow Saw
33:36 Forging
35:55 Stone Mining
38:23 Hand Cart
37:55 Town Watch
45:24 Imperial Age
SHK
1:58 Loom
10:38 Feudal Age
14:31 Wheelbarrow
15:00 Horse Collar
22:45 Castle Age
21:10 Double-Bit Axe
21:37 Stone Mining
21:50 Gold Mining
22:04 Man-at-Arms
23:00 Long Swordsman
24:01 Bow Saw
24:49 Bloodlines
35:35 Fletching
37:42 Padded Archer Armor
38:38 Leather Archer Armor
39:26 Bodkin Arrow
42:29 Bloodlines
luludul
7:28 Loom
7:55 Loom
10:37 Feudal Age
12:06 Double-Bit Axe
18:38 Castle Age
18:30 Scale Mail Armor
18:40 Forging
20:21 Chain Mail Armor
23:42 Arson
24:31 Squires
30:13 Iron Casting
33:40 Horse Collar
34:14 Bow Saw
33:57 Gold Mining
36:17 Fletching
36:28 Padded Archer Armor
35:59 Elite Skirmisher
36:46 Stone Mining
37:01 Heavy Plow
37:40 Wheelbarrow
39:18 Gambesons
42:27 Ballistics
42:04 Murder Holes
Hedip
5:01 Loom
9:53 Feudal Age
11:24 Double-Bit Axe
13:07 Gold Mining
16:42 Fletching
17:39 Horse Collar
21:43 Castle Age
20:21 Padded Archer Armor
21:47 Elite Skirmisher
21:49 Crossbowman
22:29 Bodkin Arrow
22:49 Leather Archer Armor
23:14 Elite Skirmisher
24:24 Bow Saw
24:58 Heavy Plow
31:20 Town Watch
32:10 Wheelbarrow
32:22 Leather Archer Armor
36:45 Imperial Age
35:18 Ballistics
37:02 Hand Cart
36:48 Town Patrol
38:03 Elite Longbowman
39:40 Conscription
39:26 Bracer
39:56 Ring Archer Armor
41:10 Yeomen
41:58 Two-Man Saw
42:22 Chemistry
41:55 Ring Archer Armor
43:01 Stone Mining
Connection lost

Rejoining the realm…

Still unreachable

The connection could not be restored.

Session expired

The server has moved on; the page needs a fresh start.